NCAA
FLORIDA STATE SEMINOLES @ RICE OWLS
02/25/2060
 
TOP OF THE 1ST
Florida State Seminoles batting - Pitching for Rice Owls : RHP Andy Kleiner
Pitching: RHP Andy Kleiner
Batting: RHB DeShone Morbidelli 0-0: Ball
1-0: Ball
2-0: Called Strike
2-1: Foul Ball, location: 2F
2-2: Ball
3-2: SINGLE (Line Drive, 6D, EV 98.1 MPH)
Batting: RHB Bailey Bagwell 0-0: Ball
1-0: Ball
2-0: Ball
3-0: Called Strike
3-1: Called Strike
3-2: Foul Ball, location: 2F
3-2: Strikes out looking
Batting: RHB Bryant Addison 0-0: Ball
1-0: Ball
DeShone Morbidelli steals 2nd base
2-0: Ground out 6-3 (Groundball, 56, EV 85.0 MPH)
Batting: RHB Charlie Lowe 0-0: Ball
1-0: Called Strike
1-1: Ball
2-1: Ball
3-1: Base on Balls
Batting: RHB Drew Waters 0-0: Foul Ball, location: 2F
0-1: Swinging Strike
0-2: Ball
1-2: Ball
2-2: Strikes out swinging
Top of the 1st over - 0 runs, 1 hit, 0 errors, 2 left on base; Florida State 0 - Rice 0
BOTTOM OF THE 1ST
Rice Owls batting - Pitching for Florida State Seminoles : RHP Nelson DeWitt
Pitching: RHP Nelson DeWitt
Batting: RHB Tanner Curley 0-0: Called Strike
0-1: Called Strike
0-2: Foul Ball, location: 2F
0-2: Strikes out swinging
Batting: LHB Keierre Volter 0-0: Ball
1-0: Ball
2-0: Called Strike
2-1: Foul Ball, location: 2F
2-2: Ball
3-2: Strikes out swinging
Batting: LHB Isaac Rampone 0-0: Ball
1-0: DOUBLE (Flyball, 8RXD, EV 111.9 MPH)
Batting: LHB Phil Sauser 0-0: Called Strike
0-1: Ball
1-1: Foul Ball, location: 2F
1-2: Fly out, F7 (Flyball, 7, EV 93.1 MPH)
Bottom of the 1st over - 0 runs, 1 hit, 0 errors, 1 left on base; Florida State 0 - Rice 0
TOP OF THE 2ND
Florida State Seminoles batting - Pitching for Rice Owls : RHP Andy Kleiner
Batting: LHB Garett Thomas 0-0: Ball
1-0: Ball
2-0: Called Strike
2-1: Foul Ball, location: 2F
2-2: Foul Ball, location: 2F
2-2: Ball
3-2: Ground out 4-3 (Groundball, 34, EV 107.5 MPH)
Batting: SHB Braden Metzen 0-0: Ball
1-0: Ball
2-0: Ball
3-0: Called Strike
3-1: Foul Ball, location: 2F
3-2: Ground out 4-3 (Groundball, 4, EV 80.0 MPH)
Batting: RHB Kyle Christie 0-0: SOLO HOME RUN (Flyball, 7D, EV 98.8 MPH), Distance : 395 ft
Batting: LHB Lamar Wilson 0-0: Fly out, F8 (Line Drive, 8RM, EV 91.9 MPH)
Top of the 2nd over - 1 run, 1 hit, 0 errors, 0 left on base; Florida State 1 - Rice 0
BOTTOM OF THE 2ND
Rice Owls batting - Pitching for Florida State Seminoles : RHP Nelson DeWitt
Batting: RHB Isaiah Cody 0-0: Fly out, F4 (Line Drive, 4, EV 69.4 MPH)
Batting: SHB Dave Powell 0-0: Foul Ball, location: 2F
0-1: Called Strike
0-2: Ground out 4-3 (Groundball, 4, EV 85.0 MPH)
Batting: RHB Payton McCubbin 0-0: Ball
1-0: Foul Ball, location: 2F
1-1: Ball
2-1: Ball
3-1: Base on Balls
Batting: RHB Lance Hinson 0-0: Ball
1-0: Called Strike
1-1: Swinging Strike
1-2: Foul Ball, location: 2F
1-2: Ball
2-2: Foul Ball, location: 2F
2-2: SINGLE (Flyball, 34D, EV 91.2 MPH)
Payton McCubbin to second
Runner from 2nd tries for 3rd, SAFE, no throw by RF
Batting: RHB Duron Diaz 0-0: Ball
1-0: SINGLE (Flyball, 6MD, EV 81.9 MPH)
Payton McCubbin scores
Lance Hinson to second
Runner from 2nd tries for 3rd, OUT! 8-5
Bottom of the 2nd over - 1 run, 2 hits, 0 errors, 1 left on base; Florida State 1 - Rice 1
TOP OF THE 3RD
Florida State Seminoles batting - Pitching for Rice Owls : RHP Andy Kleiner
Batting: RHB DeShone Morbidelli 0-0: Ball
1-0: Ball
2-0: Ball
3-0: Base on Balls
Batting: RHB Bailey Bagwell 0-0: Fly out, F9 (Flyball, 9LS, EV 93.8 MPH)
Batting: RHB Bryant Addison 0-0: Called Strike
0-1: Ball
1-1: Ball
2-1: Called Strike
2-2: SINGLE (Line Drive, 9S, EV 101.9 MPH)
DeShone Morbidelli to second
Batting: RHB Charlie Lowe 0-0: Grounds into double play, 6-4-3 (Groundball, 6S, EV 95.0 MPH)
Top of the 3rd over - 0 runs, 1 hit, 0 errors, 1 left on base; Florida State 1 - Rice 1
BOTTOM OF THE 3RD
Rice Owls batting - Pitching for Florida State Seminoles : RHP Nelson DeWitt
Batting: RHB Tanner Curley 0-0: Foul Ball, location: 2F
0-1: Foul Ball, location: 2F
0-2: Fly out, F9 (Line Drive, 9LM, EV 102.5 MPH)
Batting: LHB Keierre Volter 0-0: Ball
1-0: Ball
2-0: Ball
3-0: Base on Balls
Batting: LHB Isaac Rampone 0-0: Called Strike
0-1: Ball
1-1: Ball
2-1: Ball
3-1: Called Strike
3-2: Fly out, F7 (Flyball, 7, EV 65.6 MPH)
Batting: LHB Phil Sauser 0-0: Swinging Strike
0-1: Ball
1-1: Ball
2-1: Ball
3-1: Called Strike
3-2: Fly out, F8 (Flyball, 8RD, EV 97.5 MPH)
Bottom of the 3rd over - 0 runs, 0 hits, 0 errors, 1 left on base; Florida State 1 - Rice 1
TOP OF THE 4TH
Florida State Seminoles batting - Pitching for Rice Owls : RHP Andy Kleiner
Batting: RHB Drew Waters 0-0: Called Strike
0-1: Ball
1-1: Ball
2-1: Ground out 3-1 (Groundball, 34, EV 106.9 MPH)
Batting: LHB Garett Thomas 0-0: Fly out, F9 (Flyball, 89D, EV 86.2 MPH)
Batting: SHB Braden Metzen 0-0: Foul Ball, location: 2F
0-1: Ball
1-1: Ball
2-1: Ball
3-1: Base on Balls
Batting: RHB Kyle Christie 0-0: Ball
1-0: Ball
2-0: Ball
3-0: Called Strike
3-1: Foul Ball, location: 2F
3-2: Foul Ball, location: 2F
3-2: Foul Ball, location: 2F
3-2: SINGLE (Groundball, 6D, EV 102.5 MPH)
Braden Metzen to second
Braden Metzen to third
Batting: LHB Lamar Wilson 0-0: SINGLE (Line Drive, 9LM, EV 100.6 MPH)
Braden Metzen scores
Kyle Christie to second
Batting: RHB DeShone Morbidelli 0-0: Swinging Strike
0-1: Called Strike
0-2: Ball
1-2: Ball
2-2: SINGLE (Groundball, 56D, EV 100.6 MPH)
Kyle Christie to third
Lamar Wilson to second
Runner from 3rd tries for Home, SAFE, throw by LF to home
Batting: RHB Bailey Bagwell 0-0: Ball
1-0: Ball
2-0: 3-RUN HOME RUN (Flyball, 7LD, EV 91.2 MPH), Distance : 338 ft
Pitching: RHP Soren Harp
Batting: RHB Bryant Addison 0-0: Ball
1-0: Called Strike
1-1: Fly out, F2 (Popup, 23F, EV 85.0 MPH)
Top of the 4th over - 5 runs, 4 hits, 0 errors, 0 left on base; Florida State 6 - Rice 1
BOTTOM OF THE 4TH
Rice Owls batting - Pitching for Florida State Seminoles : RHP Nelson DeWitt
Batting: RHB Isaiah Cody 0-0: Ball
1-0: Swinging Strike
1-1: Foul Ball, location: 2F
1-2: Strikes out swinging
Batting: SHB Dave Powell 0-0: Called Strike
0-1: Foul Ball, location: 2F
0-2: Strikes out swinging
Batting: RHB Payton McCubbin 0-0: Called Strike
0-1: Foul Ball, location: 2F
0-2: Ball
1-2: Ball
2-2: Foul Ball, location: 2F
2-2: Foul Ball, location: 2F
2-2: Foul Ball, location: 2F
2-2: SINGLE (Line Drive, 6MD, EV 101.9 MPH)
Batting: RHB Lance Hinson 0-0: Ball
1-0: Foul Ball, location: 2F
1-1: Ball
2-1: Foul Ball, location: 2F
2-2: Ball
3-2: Fly out, F8 (Flyball, 8RM, EV 92.5 MPH)
Bottom of the 4th over - 0 runs, 1 hit, 0 errors, 1 left on base; Florida State 6 - Rice 1
TOP OF THE 5TH
Florida State Seminoles batting - Pitching for Rice Owls : RHP Soren Harp
Batting: RHB Charlie Lowe 0-0: Foul Ball, location: 2F
0-1: Called Strike
0-2: Ball
1-2: Foul Ball, location: 2F
1-2: Ball
2-2: Fly out, F8 (Flyball, 8RD, EV 106.2 MPH)
Batting: RHB Drew Waters 0-0: Ball
1-0: Ball
2-0: Swinging Strike
2-1: Ground out 4-3 (Groundball, 4MS, EV 88.1 MPH)
Batting: LHB Garett Thomas 0-0: Ball
1-0: Foul Ball, location: 2F
1-1: Ball
2-1: Foul Ball, location: 2F
2-2: Strikes out looking
Top of the 5th over - 0 runs, 0 hits, 0 errors, 0 left on base; Florida State 6 - Rice 1
BOTTOM OF THE 5TH
Rice Owls batting - Pitching for Florida State Seminoles : RHP Nelson DeWitt
Batting: RHB Duron Diaz 0-0: Foul Ball, location: 2F
0-1: Foul Ball, location: 2F
0-2: Foul Ball, location: 2F
0-2: Ball
1-2: Foul Ball, location: 2F
1-2: SINGLE (Groundball, 6D, EV 96.9 MPH)
Batting: RHB Tanner Curley 0-0: Called Strike
0-1: Called Strike
0-2: Foul Ball, location: 2F
0-2: SINGLE (Flyball, 78S, EV 95.0 MPH)
Duron Diaz to second
Batting: LHB Keierre Volter 0-0: Foul Ball, location: 2F
0-1: Ball
1-1: Ball
2-1: Foul Ball, location: 2F
2-2: Fly out, F9 (Flyball, 89M, EV 87.5 MPH)
Pitching: RHP Cameron Olson
Batting: LHB Isaac Rampone 0-0: SINGLE (Line Drive, 6MD, EV 95.0 MPH)
Duron Diaz to third
Tanner Curley to second
Batting: LHB Phil Sauser 0-0: Fly out, F9 (Flyball, 89M, EV 83.8 MPH)
Batting: RHB Isaiah Cody 0-0: Foul Ball, location: 2F
0-1: Foul Ball, location: 2F
0-2: Ball
1-2: Ball
2-2: Ball
3-2: Base on Balls
Duron Diaz scores
Tanner Curley to third
Isaac Rampone to second
Batting: SHB Dave Powell 0-0: Called Strike
0-1: Ball
1-1: Ground out 5-3 (Groundball, 56, EV 102.5 MPH)
Bottom of the 5th over - 1 run, 3 hits, 0 errors, 3 left on base; Florida State 6 - Rice 2
TOP OF THE 6TH
Florida State Seminoles batting - Pitching for Rice Owls : RHP Soren Harp
Batting: SHB Braden Metzen 0-0: Ball
1-0: Foul Ball, location: 2F
1-1: Foul Ball, location: 2F
1-2: Ball
2-2: Ground out 4-3 (Groundball, 4, EV 86.9 MPH)
Batting: RHB Kyle Christie 0-0: Called Strike
0-1: Called Strike
0-2: Ball
1-2: Ball
2-2: SINGLE (Flyball, 3D, EV 90.6 MPH)
Batting: LHB Lamar Wilson 0-0: Called Strike
0-1: Ball
Kyle Christie is caught stealing 2nd base 2-6
1-1: Fly out, F9 (Flyball, 89D, EV 83.1 MPH)
Top of the 6th over - 0 runs, 1 hit, 0 errors, 0 left on base; Florida State 6 - Rice 2
BOTTOM OF THE 6TH
Rice Owls batting - Pitching for Florida State Seminoles : RHP Cameron Olson
Batting: RHB Payton McCubbin 0-0: Called Strike
0-1: Fly out, F4 (Popup, 4M, EV 70.6 MPH)
Batting: RHB Lance Hinson 0-0: Ball
1-0: Ball
2-0: Ball
3-0: Called Strike
3-1: Called Strike
3-2: Strikes out swinging
Batting: RHB Duron Diaz 0-0: Ball
1-0: Ball
2-0: Ball
3-0: Called Strike
3-1: Base on Balls
Batting: RHB Tanner Curley 0-0: Called Strike
0-1: Ball
1-1: Foul Ball, location: 2F
1-2: Foul Ball, location: 2F
1-2: Ball
2-2: Foul Ball, location: 2F
2-2: Ground out 5-3 (Groundball, 56S, EV 83.8 MPH)
Bottom of the 6th over - 0 runs, 0 hits, 0 errors, 1 left on base; Florida State 6 - Rice 2
TOP OF THE 7TH
Florida State Seminoles batting - Pitching for Rice Owls : RHP Soren Harp
Batting: RHB DeShone Morbidelli 0-0: Ball
1-0: Ground out 4-3 (Groundball, 4, EV 83.1 MPH)
Batting: RHB Bailey Bagwell 0-0: Ground out U3 (Groundball, 23, EV 86.9 MPH)
Batting: RHB Bryant Addison 0-0: Called Strike
0-1: SOLO HOME RUN (Flyball, 7D, EV 103.1 MPH), Distance : 387 ft
Batting: RHB Charlie Lowe 0-0: Ball
1-0: Ball
2-0: Swinging Strike
2-1: Ball
3-1: Foul Ball, location: 2F
3-2: Foul Ball, location: 2F
3-2: Base on Balls
Batting: RHB Drew Waters 0-0: Ball
1-0: Ball
2-0: Swinging Strike
2-1: Ball
3-1: Foul Ball, location: 2F
3-2: Strikes out swinging
Top of the 7th over - 1 run, 1 hit, 0 errors, 1 left on base; Florida State 7 - Rice 2
BOTTOM OF THE 7TH
Rice Owls batting - Pitching for Florida State Seminoles : RHP Cameron Olson
Batting: LHB Keierre Volter 0-0: Ball
1-0: Ball
2-0: Ball
3-0: Called Strike
3-1: Base on Balls
Batting: LHB Isaac Rampone 0-0: Grounds into double play, 6-4-3 (Groundball, 6, EV 99.4 MPH)
Pitching: LHP Kamron Lemos
Batting: LHB Phil Sauser 0-0: Ball
1-0: Fly out, F7 (Line Drive, 7, EV 104.4 MPH)
Bottom of the 7th over - 0 runs, 0 hits, 0 errors, 0 left on base; Florida State 7 - Rice 2
TOP OF THE 8TH
Florida State Seminoles batting - Pitching for Rice Owls : RHP Soren Harp
Batting: LHB Garett Thomas 0-0: Ball
1-0: Foul Ball, location: 2F
1-1: Ball
2-1: Ball
3-1: Base on Balls
Pitching: RHP Gregory Dwight
Batting: SHB Braden Metzen 0-0: Called Strike
0-1: Called Strike
0-2: Ball
1-2: Ball
2-2: Foul Ball, location: 2F
2-2: Strikes out swinging
Batting: RHB Kyle Christie 0-0: Called Strike
0-1: Ball
1-1: Ball
2-1: 2-RUN HOME RUN (Flyball, 7D, EV 97.5 MPH), Distance : 380 ft
Batting: LHB Lamar Wilson 0-0: Foul Ball, location: 2F
0-1: Called Strike
0-2: Ball
1-2: Foul Ball, location: 2F
1-2: Foul Ball, location: 2F
1-2: Strikes out swinging
Batting: RHB DeShone Morbidelli 0-0: Ball
1-0: Ball
2-0: Ball
3-0: Called Strike
3-1: Called Strike
3-2: Fly out, F8 (Flyball, 8LS, EV 88.8 MPH)
Top of the 8th over - 2 runs, 1 hit, 0 errors, 0 left on base; Florida State 9 - Rice 2
BOTTOM OF THE 8TH
Rice Owls batting - Pitching for Florida State Seminoles : LHP Kamron Lemos
Pitching: RHP Damien Randall
Batting: RHB Isaiah Cody 0-0: Called Strike
0-1: Ball
1-1: Swinging Strike
1-2: Fly out, F7 (Line Drive, 7, EV 96.2 MPH)
Batting: SHB Dave Powell 0-0: Called Strike
0-1: Ball
1-1: Foul Ball, location: 2F
1-2: SOLO HOME RUN (Flyball, 9LD, EV 94.4 MPH), Distance : 333 ft
Batting: RHB Payton McCubbin 0-0: Ball
1-0: Ball
2-0: Foul Ball, location: 2F
2-1: Ball
3-1: Base on Balls
Batting: RHB Lance Hinson 0-0: Called Strike
0-1: Fly out, F9 (Flyball, 9S, EV 88.8 MPH)
Batting: RHB Duron Diaz 0-0: Called Strike
0-1: Foul Ball, location: 2F
0-2: Ball
1-2: Ball
2-2: Foul Ball, location: 2F
2-2: Ball
3-2: Foul Ball, location: 2F
3-2: Base on Balls
Payton McCubbin to second
Batting: RHB Tanner Curley 0-0: Ball
1-0: Ball
2-0: TRIPLE (Line Drive, 89XD, EV 102.5 MPH)
Payton McCubbin scores
Duron Diaz scores
Pitching: RHP Caleb Schier
Batting: LHB Keierre Volter 0-0: Ball
1-0: Swinging Strike
1-1: Called Strike
1-2: Fly out, F9 (Flyball, 9, EV 90.0 MPH)
Bottom of the 8th over - 3 runs, 2 hits, 0 errors, 1 left on base; Florida State 9 - Rice 5
TOP OF THE 9TH
Florida State Seminoles batting - Pitching for Rice Owls : RHP Gregory Dwight
Batting: RHB Bailey Bagwell 0-0: Called Strike
0-1: Foul Ball, location: 2F
0-2: Ball
1-2: Ball
2-2: Strikes out looking
Batting: RHB Bryant Addison 0-0: Ball
1-0: Ball
2-0: Fly out, F9 (Flyball, 9LM, EV 72.5 MPH)
Batting: RHB Charlie Lowe 0-0: Called Strike
0-1: Ball
1-1: Ground out 5-3 (Groundball, 56S, EV 70.6 MPH)
Top of the 9th over - 0 runs, 0 hits, 0 errors, 0 left on base; Florida State 9 - Rice 5
BOTTOM OF THE 9TH
Rice Owls batting - Pitching for Florida State Seminoles : RHP Caleb Schier
Batting: LHB Isaac Rampone 0-0: Called Strike
0-1: Ball
1-1: Ball
2-1: Swinging Strike
2-2: Foul Ball, location: 2F
2-2: Ball
3-2: Base on Balls
Batting: LHB Phil Sauser 0-0: Fielders Choice at 2nd, 3-6 (Groundball, 34, EV 102.5 MPH)
Batting: RHB Isaiah Cody 0-0: Swinging Strike
0-1: Foul Ball, location: 2F
0-2: Ball
1-2: Ball
2-2: Fly out, F9 (Flyball, 89M, EV 97.5 MPH)
Batting: SHB Dave Powell 0-0: SINGLE (Flyball, 9LS, EV 95.6 MPH)
Phil Sauser to second
Pitching: LHP Gary Brothers
Batting: RHB Payton McCubbin 0-0: Ball
1-0: Foul Ball, location: 2F
1-1: SINGLE (Groundball, 34S, EV 63.1 MPH) (infield hit)
Phil Sauser to third
Dave Powell to second
Batting: RHB Lance Hinson 0-0: Foul Ball, location: 2F
0-1: Foul Ball, location: 2F
0-2: Ball
1-2: Ball
2-2: Strikes out looking
Bottom of the 9th over - 0 runs, 2 hits, 0 errors, 3 left on base; Florida State 9 - Rice 5
Tuesday, April 16th , 2024 - OOTP Baseball 23.10 Build 110